ESL (28 & UNDER)
BUTLER WHITE SOX @ PENQUANNOCK OVERRATED JETER
09/16/2026
 
TOP OF THE 1ST
Butler White Sox batting - Pitching for Penquannock Overrated Jeter : RHP Santiago González
Pitching: RHP Santiago González
Batting: RHB Luis Ramos 0-0: Called Strike
0-1: Foul Ball, location: 2F
0-2: Ball
1-2: Foul Ball, location: 2F
1-2: Strikes out swinging
Batting: LHB Dave Cook 0-0: Swinging Strike
0-1: Foul Ball, location: 2F
0-2: Ball
1-2: Fly out, F7 (Flyball, 78D)
Batting: LHB Jesús González 0-0: Foul Ball, location: 2F
0-1: Ball
1-1: Ball
2-1: Ground out 4-3 (Groundball, 4)
Top of the 1st over - 0 run(s), 0 hit(s), 0 error(s), 0 left on base; Butler 0 - Penquannock 0
BOTTOM OF THE 1ST
Penquannock Overrated Jeter batting - Pitching for Butler White Sox : RHP Pedro Mendoza
Pitching: RHP Pedro Mendoza
Batting: SHB Bob Noble 0-0: Foul Ball, location: 2F
0-1: Ball
1-1: Foul Ball, location: 2F
1-2: Ball
2-2: Ball
3-2: DOUBLE (Line Drive, 89M)
Batting: LHB Roberto Trujillo 0-0: Ball
1-0: Called Strike
1-1: Ball
2-1: Ball
3-1: Foul Ball, location: 2F
3-2: SINGLE (Groundball, 34D)
Bob Noble to third
Batting: LHB Ron Robinson 0-0: Ball
1-0: Called Strike
1-1: Foul Ball, location: 2F
1-2: Strikes out swinging
Batting: LHB Pete Weber 0-0: Ball
1-0: Ball
2-0: Ball
3-0: Base on Balls
Roberto Trujillo to second
Batting: LHB Tony Green 0-0: DOUBLE (Groundball, 3L)
Bob Noble scores
Roberto Trujillo scores
Pete Weber to third
Batting: RHB Tim Hanson 0-0: Ball
1-0: Called Strike
1-1: Ball
2-1: Ground out 5-3 (Groundball, 5S)
Batting: RHB Armando Pagán 0-0: Ball
1-0: Fly out, F6 (Line Drive, 6)
Bottom of the 1st over - 2 run(s), 3 hit(s), 0 error(s), 2 left on base; Butler 0 - Penquannock 2
TOP OF THE 2ND
Butler White Sox batting - Pitching for Penquannock Overrated Jeter : RHP Santiago González
Batting: SHB Ben Marks 0-0: Called Strike
0-1: Foul Ball, location: 2F
0-2: Fly out, F8 (Flyball, 8RM)
Batting: RHB Rodney González 0-0: SINGLE (Line Drive, 4D)
Batting: LHB Mike Pearson 0-0: Ball
1-0: Ball
2-0: Called Strike
2-1: Fielders Choice at 2nd, 6-4 (Groundball, 6M)
Batting: LHB Ron Crawford 0-0: Called Strike
0-1: Foul Ball, location: 2F
0-2: SINGLE (Groundball, 34D)
Mike Pearson to second
Throwing error, E9
Mike Pearson scores
Ron Crawford to second
Batting: RHB Evan Robinson 0-0: Ball
1-0: Called Strike
1-1: Fly out, F2 (Popup, 2RF)
Top of the 2nd over - 1 run(s), 2 hit(s), 1 error(s), 1 left on base; Butler 1 - Penquannock 2
BOTTOM OF THE 2ND
Penquannock Overrated Jeter batting - Pitching for Butler White Sox : RHP Pedro Mendoza
Batting: RHB Barton Frazier 0-0: Ball
1-0: Ball
2-0: Foul Ball, location: 2F
2-1: Ground out 5-3 (Groundball, 56)
Batting: LHB Dave Pitts 0-0: Ball
1-0: Ball
2-0: Ball
3-0: Base on Balls
Batting: SHB Bob Noble 0-0: Ball
1-0: Ball
2-0: Foul Ball, location: 2F
2-1: Ball
3-1: Foul Ball, location: 2F
3-2: Base on Balls
Dave Pitts to second
Batting: LHB Roberto Trujillo 0-0: Ball
1-0: Ball
2-0: Ball
3-0: Called Strike
3-1: Base on Balls
Dave Pitts to third
Bob Noble to second
Batting: LHB Ron Robinson 0-0: Fly out, F8 (Flyball, 8LD)
Runner from 3rd tags up, SCORES, throw made
Batting: LHB Pete Weber 0-0: Ball
1-0: Ground out U3 (Groundball, 3)
Bottom of the 2nd over - 1 run(s), 0 hit(s), 0 error(s), 2 left on base; Butler 1 - Penquannock 3
TOP OF THE 3RD
Butler White Sox batting - Pitching for Penquannock Overrated Jeter : RHP Santiago González
Batting: RHB Raúl Bruno 0-0: Ball
1-0: Ball
2-0: Called Strike
2-1: DOUBLE (Groundball, 5L)
Batting: RHB Luis Ramos 0-0: Swinging Strike
0-1: Foul Ball, location: 2F
0-2: Foul Ball, location: 2F
0-2: DOUBLE (Line Drive, 9LM)
Raúl Bruno scores
Batting: LHB Dave Cook 0-0: Foul Ball, location: 2F
0-1: Called Strike
0-2: Foul Ball, location: 2F
0-2: Ball
1-2: Ball
2-2: Ground out U3 (Groundball, 3)
Luis Ramos to third
Batting: LHB Jesús González 0-0: Ball
1-0: Foul Ball, location: 2F
1-1: Fly out, F8 (Flyball, 8RD)
Runner from 3rd tags up, SCORES, no throw
Batting: SHB Ben Marks 0-0: SINGLE (Line Drive, 89S)
Batting: RHB Rodney González 0-0: Ball
1-0: Foul Ball, location: 2F
1-1: Ball
2-1: Called Strike
2-2: Fielders Choice at 2nd, U6 (Groundball, 6M)
Top of the 3rd over - 2 run(s), 3 hit(s), 0 error(s), 1 left on base; Butler 3 - Penquannock 3
BOTTOM OF THE 3RD
Penquannock Overrated Jeter batting - Pitching for Butler White Sox : RHP Pedro Mendoza
Batting: LHB Tony Green 0-0: Called Strike
0-1: Foul Ball, location: 2F
0-2: Strikes out swinging
Batting: RHB Tim Hanson 0-0: Called Strike
0-1: Foul Ball, location: 2F
0-2: Foul Ball, location: 2F
0-2: SINGLE (Line Drive, 56D)
Batting: RHB Armando Pagán 0-0: Swinging Strike
0-1: Swinging Strike
0-2: Ball
1-2: Strikes out swinging
Batting: RHB Barton Frazier 0-0: Fly out, F9 (Flyball, 9LM)
Bottom of the 3rd over - 0 run(s), 1 hit(s), 0 error(s), 1 left on base; Butler 3 - Penquannock 3
TOP OF THE 4TH
Butler White Sox batting - Pitching for Penquannock Overrated Jeter : RHP Santiago González
Batting: LHB Mike Pearson 0-0: Called Strike
0-1: Ball
1-1: Ball
2-1: Reached on error, E1 (Groundball, 13S)
Batting: LHB Ron Crawford 0-0: Fly out, F5 (Popup, 5S)
Batting: RHB Evan Robinson 0-0: Called Strike
0-1: Grounds into double play, 1-4-3 (Groundball, 13)
Top of the 4th over - 0 run(s), 0 hit(s), 1 error(s), 0 left on base; Butler 3 - Penquannock 3
BOTTOM OF THE 4TH
Penquannock Overrated Jeter batting - Pitching for Butler White Sox : RHP Pedro Mendoza
Batting: LHB Dave Pitts 0-0: Ball
1-0: Ground out 5-3 (Groundball, 5S)
Batting: SHB Bob Noble 0-0: Foul Ball, location: 2F
0-1: Ground out U3 (Groundball, 3S)
Batting: LHB Roberto Trujillo 0-0: Ball
1-0: Called Strike
1-1: Foul Ball, location: 2F
1-2: Ball
2-2: Ball
3-2: Ground out 4-3 (Groundball, 34)
Bottom of the 4th over - 0 run(s), 0 hit(s), 0 error(s), 0 left on base; Butler 3 - Penquannock 3
TOP OF THE 5TH
Butler White Sox batting - Pitching for Penquannock Overrated Jeter : RHP Santiago González
Batting: RHB Raúl Bruno 0-0: Ball
1-0: Ball
2-0: DOUBLE (Flyball, 89M)
Batting: RHB Luis Ramos 0-0: Swinging Strike
0-1: SINGLE (Line Drive, 6MD)
Raúl Bruno to third
Batting: LHB Dave Cook 0-0: Foul Ball, location: 2F
0-1: Fielders Choice at 2nd, U6 (Groundball, 6M)
Raúl Bruno scores
Batting: LHB Jesús González 0-0: Foul Ball, location: 2F
0-1: Foul Ball, location: 2F
0-2: Ball
1-2: Strikes out swinging
Batting: SHB Ben Marks 0-0: Foul Ball, location: 2F
0-1: Ball
1-1: Ball
2-1: Called Strike
2-2: Strikes out looking
Top of the 5th over - 1 run(s), 2 hit(s), 0 error(s), 1 left on base; Butler 4 - Penquannock 3
BOTTOM OF THE 5TH
Penquannock Overrated Jeter batting - Pitching for Butler White Sox : RHP Pedro Mendoza
Batting: LHB Ron Robinson 0-0: Called Strike
0-1: Ball
1-1: Called Strike
1-2: Foul Ball, location: 2F
1-2: Foul Ball, location: 2F
1-2: Ball
2-2: Fly out, F7 (Flyball, 7M)
Batting: LHB Pete Weber 0-0: Ball
1-0: Swinging Strike
1-1: Swinging Strike
1-2: Ball
2-2: Foul Ball, location: 2F
2-2: Strikes out swinging
Batting: LHB Tony Green 0-0: Called Strike
0-1: Called Strike
0-2: Foul Ball, location: 2F
0-2: Ball
1-2: Ball
2-2: Strikes out looking
Bottom of the 5th over - 0 run(s), 0 hit(s), 0 error(s), 0 left on base; Butler 4 - Penquannock 3
TOP OF THE 6TH
Butler White Sox batting - Pitching for Penquannock Overrated Jeter : RHP Santiago González
Batting: RHB Rodney González 0-0: Ball
1-0: Foul Ball, location: 2F
1-1: Called Strike
1-2: Ball
2-2: Foul Ball, location: 2F
2-2: Ball
3-2: Base on Balls
Pitching: RHP Javier González
Batting: LHB Mike Pearson 0-0: Called Strike
0-1: DOUBLE (Line Drive, 3D)
Rodney González to third
Batting: LHB Ron Crawford 0-0: Swinging Strike
0-1: Swinging Strike
0-2: Ball
1-2: Strikes out swinging
Batting: RHB Evan Robinson 0-0: Ball
1-0: Ball
2-0: Fly out, F7 (Flyball, 7D)
Runner from 3rd tags up, SCORES, no throw
Mike Pearson to third
Batting: RHB Raúl Bruno 0-0: Ball
1-0: Ground out 1-3 (Groundball, 23)
Top of the 6th over - 1 run(s), 1 hit(s), 0 error(s), 1 left on base; Butler 5 - Penquannock 3
BOTTOM OF THE 6TH
Penquannock Overrated Jeter batting - Pitching for Butler White Sox : RHP Pedro Mendoza
Batting: RHB Tim Hanson 0-0: Called Strike
0-1: Ball
1-1: Foul Ball, location: 2F
1-2: Foul Ball, location: 2F
1-2: SINGLE (Groundball, 5D)
Pitching: LHP Dexter Browning
Batting: RHB Armando Pagán 0-0: Ball
1-0: Ball
2-0: Swinging Strike
2-1: Swinging Strike
2-2: Strikes out looking
Batting: RHB Barton Frazier 0-0: Fly out, F6 (Popup, 6MD)
Batting: LHB Dave Pitts 0-0: Ball
1-0: Fly out, F7 (Line Drive, 7D)
Bottom of the 6th over - 0 run(s), 1 hit(s), 0 error(s), 1 left on base; Butler 5 - Penquannock 3
TOP OF THE 7TH
Butler White Sox batting - Pitching for Penquannock Overrated Jeter : RHP Javier González
Batting: RHB Luis Ramos 0-0: Ball
1-0: Foul Ball, location: 2F
1-1: Ground out U3 (Groundball, 3L)
Batting: LHB Dave Cook 0-0: Ball
1-0: Swinging Strike
1-1: Ball
2-1: Foul Ball, location: 2F
2-2: Foul Ball, location: 2F
2-2: Ball
3-2: Strikes out swinging
Batting: LHB Jesús González 0-0: Ball
1-0: Fly out, F8 (Flyball, 8LM)
Top of the 7th over - 0 run(s), 0 hit(s), 0 error(s), 0 left on base; Butler 5 - Penquannock 3
BOTTOM OF THE 7TH
Penquannock Overrated Jeter batting - Pitching for Butler White Sox : LHP Dexter Browning
Batting: SHB Bob Noble 0-0: Fly out, F7 (Flyball, 78M)
Batting: LHB Roberto Trujillo 0-0: Called Strike
0-1: Ball
1-1: Fly out, F8 (Flyball, 8RD)
Batting: LHB Ron Robinson 0-0: Foul Ball, location: 2F
0-1: Ball
1-1: Called Strike
1-2: Foul Ball, location: 2F
1-2: Ball
2-2: Strikes out looking
Bottom of the 7th over - 0 run(s), 0 hit(s), 0 error(s), 0 left on base; Butler 5 - Penquannock 3
TOP OF THE 8TH
Butler White Sox batting - Pitching for Penquannock Overrated Jeter : RHP Javier González
Pitching: RHP Dave Nelson
Batting: SHB Ben Marks 0-0: Foul Ball, location: 2F
0-1: Ball
1-1: Ball
2-1: Foul Ball, location: 2F
2-2: Strikes out swinging
Batting: RHB Rodney González 0-0: Fly out, F8 (Flyball, 8RXD)
Batting: LHB Mike Pearson 0-0: Called Strike
0-1: Ball
1-1: Called Strike
1-2: Ball
2-2: Foul Ball, location: 2F
2-2: Foul Ball, location: 2F
2-2: Ground out 4-3 (Groundball, 4M)
Top of the 8th over - 0 run(s), 0 hit(s), 0 error(s), 0 left on base; Butler 5 - Penquannock 3
BOTTOM OF THE 8TH
Penquannock Overrated Jeter batting - Pitching for Butler White Sox : LHP Dexter Browning
Batting: LHB Pete Weber 0-0: Called Strike
0-1: Ball
1-1: Swinging Strike
1-2: Strikes out swinging
Batting: LHB Tony Green 0-0: Swinging Strike
0-1: Ball
1-1: Foul Ball, location: 2F
1-2: Strikes out looking
Pitching: LHP Domingo Morales
Batting: RHB Tim Hanson 0-0: Ball
1-0: Foul Ball, location: 2F
1-1: Ball
2-1: Ball
3-1: Ground out 4-3 (Groundball, 4)
Bottom of the 8th over - 0 run(s), 0 hit(s), 0 error(s), 0 left on base; Butler 5 - Penquannock 3
TOP OF THE 9TH
Butler White Sox batting - Pitching for Penquannock Overrated Jeter : RHP Dave Nelson
Batting: LHB Ron Crawford 0-0: Ground out 2-3 (Groundball, 2R)
Batting: RHB Evan Robinson 0-0: Ball
1-0: Foul Ball, location: 2F
1-1: Called Strike
1-2: Ball
2-2: Ball
3-2: Foul Ball, location: 2F
3-2: Base on Balls
Batting: RHB Raúl Bruno 0-0: Called Strike
0-1: Ball
1-1: Swinging Strike
1-2: Strikes out swinging
Batting: RHB Luis Ramos 0-0: Called Strike
0-1: 2-RUN HOME RUN (Flyball, 9D), Distance : 370 ft
Batting: LHB Dave Cook 0-0: Foul Ball, location: 2F
0-1: Ball
1-1: Ball
2-1: Foul Ball, location: 2F
2-2: Foul Ball, location: 2F
2-2: Ball
3-2: Ground out 1-3 (Groundball, 15)
Top of the 9th over - 2 run(s), 1 hit(s), 0 error(s), 0 left on base; Butler 7 - Penquannock 3
BOTTOM OF THE 9TH
Penquannock Overrated Jeter batting - Pitching for Butler White Sox : LHP Domingo Morales
Batting: RHB Armando Pagán 0-0: Foul Ball, location: 2F
0-1: Ball
1-1: Ball
2-1: Ball
3-1: Base on Balls
Batting: RHB Barton Frazier 0-0: Ball
1-0: Swinging Strike
1-1: Ball
2-1: Foul Ball, location: 2F
2-2: Foul Ball, location: 2F
2-2: Ball
3-2: Base on Balls
Armando Pagán to second
Pitching: LHP Phil Forbes
Batting: LHB Dave Pitts 0-0: Called Strike
0-1: Ball
1-1: Ball
2-1: Swinging Strike
2-2: SINGLE (Flyball, 8RS)
Armando Pagán to third
Barton Frazier to second
Pinch Hitting: RHB Doug Brown 0-0: Swinging Strike
0-1: Ball
1-1: Ball
2-1: Ball
3-1: Base on Balls
Armando Pagán scores
Barton Frazier to third
Dave Pitts to second
Batting: LHB Roberto Trujillo 0-0: Ball
1-0: Ball
2-0: Called Strike
2-1: Foul Ball, location: 2F
2-2: Foul Ball, location: 2F
2-2: Ball
3-2: Fly out, F7 (Flyball, 78M)
Runner from 3rd tags up, SCORES, throw made
Pinch Runner at 2nd José Velásquez:
Batting: LHB Ron Robinson 0-0: Called Strike
0-1: Foul Ball, location: 2F
0-2: Strikes out looking
Pinch Hitting: RHB Vincent Fields 0-0: Called Strike
0-1: Ball
1-1: Ball
2-1: Foul Ball, location: 2F
2-2: Strikes out swinging
Bottom of the 9th over - 2 run(s), 1 hit(s), 0 error(s), 2 left on base; Butler 7 - Penquannock 5
Monday, December 5th, 2016 - OOTP Baseball 17.12 Build 75